 Dungeon Crawl Stone Soup version 0.28-b1-25-g9875b3f (webtiles) character file.

Game seed: 17791388069818388938

81 Host24 the Bolt Thrower (level 4, -2/28 HPs)
             Began as a Kobold Hunter on Feb 2, 2022.
             Slain by a gnoll (4 damage)
             ... on level 2 of the Dungeon.
             The game lasted 00:03:54 (2860 turns).

Host24 the Bolt Thrower (Kobold Hunter)             Turns: 2860, Time: 00:03:54

Health: -2/28      AC:  3    Str: 11    XL:     4   Next: 67%
Magic:  4/4        EV: 14    Int: 12    God:
Gold:   138        SH:  0    Dex: 15    Spells: 3/3 levels left

rFire   . . .      SeeInvis .   a - +1 hand crossbow
rCold   . . .      Faith    .   (no shield)
rNeg    . . .      Spirit   .   c - +0 leather armour
rPois   .          Reflect  .   (no helmet)
rElec   .          Harm     .   (no cloak)
rCorr   .          Rampage  .   (no gloves)
Will    .....                   (no boots)
Stlth   +++.......              (no amulet)
HPRegen 0.09/turn               (no ring)
MPRegen 0.09/turn               (no ring)

@: no status effects
A: small, no large weapons, nightstalker 3
a: no special abilities


You were on level 2 of the Dungeon.
You visited 1 branch of the dungeon, and saw 3 of its levels.

You collected 138 gold pieces.

Inventory:

Hand Weapons
 a - a +1 hand crossbow (weapon)
 b - a +0 short sword
Missiles
 d - 17 bolts (quivered ammo)
 e - 56 stones
 m - 7 boomerangs
 n - 12 sling bullets
Armour
 c - a +0 leather armour (worn)
Scrolls
 f - 2 scrolls of identify {unknown}
 h - a scroll of fear {unknown}
 l - a scroll of teleportation {unknown}
 p - a scroll of enchant armour {unknown}
Potions
 g - a potion of haste {unknown}
 i - 5 potions of curing {unknown}
 j - a potion of degeneration {unknown}
 k - a potion of lignification {unknown}
 o - a potion of ambrosia {unknown}
 q - a potion of experience {unknown}


   Skills:
 - Level 3.0 Fighting
 + Level 6.2 Crossbows
 - Level 3.0 Dodging
 - Level 1.3 Stealth


You had 3 spell levels left.
You didn't know any spells.
Your spell library contained the following spells:

 Spells                   Type           Power      Damage    Failure   Level
 Dazzling Flash           Conj/Hex       0%         N/A       78%         3
 Agony                    Necr           0%         N/A       100%        5
 Silence                  Hex/Air        0%         N/A       100%        5


Dungeon Overview and Level Annotations

Branches:
Dungeon (3/15)

Altars:


Innate Abilities, Weirdness & Mutations

You are small and have problems with some larger weapons.
You are completely attuned to the shadows.


Message History

The endoplasm barely misses you.
You hit the endoplasm.
You kill the endoplasm!
Found a stone staircase leading up. 3 gnolls come into view.
A gnoll comes into view. It is wielding a +0 club.
The gnoll shouts! x3
The gnoll misses you.
There is a stone staircase leading up here.
You hit the gnoll but do no damage. The gnoll barely misses you. x2
Okay, then.
The gnoll hits you but does no damage.
The gnoll hits you from afar with a +0 halberd.
You climb upwards.
There is a stone staircase leading down here.
You hit the gnoll but do no damage. The gnoll hits you with a +0 club.
You hit the gnoll but do no damage. The gnoll hits you with a +0 club.
You barely miss the gnoll. The gnoll hits you with a +0 club.
a - a +1 hand crossbow (weapon)
The gnoll hits you with a +0 club.
* * * LOW HITPOINT WARNING * * *
Fire: 20 bolts
Press: ? - help, Q - select action, (/) - cycle Shift-Dir - straight line, f - gnoll
Aim: a gnoll, wielding a +0 club (70% to hit)
You shoot a bolt. The bolt closely misses the gnoll.
The gnoll hits you with a +0 club.
* * * LOW HITPOINT WARNING * * *
Fire: 19 bolts
Press: ? - help, Q - select action, (/) - cycle Shift-Dir - straight line, f/p - gnoll
Aim: a gnoll, wielding a +0 club (70% to hit)
You shoot a bolt. The bolt hits the gnoll!
The gnoll is severely wounded.
The gnoll hits you with a +0 club.
* * * LOW HITPOINT WARNING * * *
Fire: 18 bolts
Press: ? - help, Q - select action, (/) - cycle Shift-Dir - straight line, f/p - gnoll
Aim: a gnoll, wielding a +0 club (severely wounded, 70% to hit)
You shoot a bolt. The bolt closely misses the gnoll.
The gnoll hits you with a +0 club.
You die...

................#....##..........
........###..##...######.........
........# #..###..# #.∩.....8).
........###.......#####..........
........#.....###..#.............
#.##.........#####...##._..∩..∩..
.....#....##....##.###...........
####.##.#..####..................
# #..#.##......@......#♣..∩..8..
#####.......#....g.........###.##
#....................)####.##..##
........................#.....###
............##).....(..........##
............###.#...............#
............# #.#...............#
............###.#...............#
............)...#..........<....#


You could see a gnoll.

Vanquished Creatures
  2 adders
  3 dart slugs
  An orc (D:3)
  7 ball pythons
  4 bats
  6 endoplasms
  A giant cockroach (D:2)
  5 goblins
  4 hobgoblins
  6 jackals (D:2)
  A quokka (D:1)
  4 frilled lizards
  3 kobolds (D:2)
  6 rats
53 creatures vanquished.

Vanquished Creatures (others)
  5 toadstools (D:1)
5 creatures vanquished.

Grand Total: 58 creatures vanquished

Notes
Turn   | Place    | Note
-------+----------+-------------------------------------------
     0 | D:1      | Host24 the Kobold Hunter began the quest for the Orb.
     0 | D:1      | Reached XP level 1. HP: 12/12 MP: 1/1
   161 | D:1      | Reached skill level 5 in Crossbows
   320 | D:1      | Reached XP level 2. HP: 18/18 MP: 2/2
   856 | D:1      | Reached XP level 3. HP: 23/23 MP: 3/3
  1572 | D:2      | Reached XP level 4. HP: 8/28 MP: 4/4
  1892 | D:2      | Found a faded altar of an unknown god.
  2263 | D:2      | Reached skill level 6 in Crossbows
  2860 | D:2      | Slain by a gnoll

Illustrated notes

Levels and vault maps discovered:
D:1:      ldierk_walled_garden, layout_loops_ring
D:2:      layout_rooms, hellmonk_ecumenical_altar_arch_garden
D:3:      layout_basic, kennysheep_generic_room_4

Skill      XL: |  1  2  3  4 |
---------------+-------------+-----
Crossbows      | 5 6 |  6.2
Fighting       | 3 |  3.0
Dodging        | 3 |  3.0
Stealth        | |  1.3

Action                   |  1- 3 |  4- 6 || total
-------------------------+-------+-------++-------
Melee: Short sword       |   129 |    59 ||   188
       Punch             |     2 |     1 ||     3
 Fire: Hand crossbow     |     2 |     8 ||    10
 Stab: Sleeping          |    15 |     6 ||    21
Armor: Leather armour    |    34 |    17 ||    51
Dodge: Dodged            |    95 |    41 ||   136
